Tangles, neutral female gnomish Healer m --------- |.wkwww.| |.wwwwww| ----- Q|.wt@ww.| |... |.ww@ww.| --..--------- |.w.www.| --)[.|../....| | ----)---- | ..---....|..[....| |.......@.....| .....%..%)).-..._...| ---.........--- ......---[..)|.[.....| -----@----- ...%.-- --...|/......| .A --+---- --$.--------- . -----... |.%. . |...[..... ----- .5 --...----- .A) --....| -@----...- .)....... -------- Tangles the Herbalist Experience level: 19 Strength: 18/50 Dexterity: 22 Constitution: 18 Intelligence: 24 Wisdom: 23 Charisma: 18 Health: 315(315) Energy: 205(215) Def: 41 Gold: 0 Moves: 51482 Dungeon seed: TKQjejYU00gxwooL Game ID: Tangles_1465113343 Your Inventory: Amulets j - an uncursed amulet of reflection (being worn) Weapons G - the blessed fireproof +6 Staff of Aesculapius (weapon in hands) Armor b - a blessed +4 T-shirt (being worn) e - an uncursed thoroughly burnt +0 robe (being worn) q - a blessed thoroughly burnt +4 pair of speed boots (being worn) r - a blessed burnt +4 pair of gauntlets of dexterity (being worn) t - a blessed +5 helm of brilliance (being worn) I - a blessed +4 gray dragon scale mail (being worn) Comestibles x - an uncursed lizard corpse named The Lizard of Yendor Spellbooks U - the uncursed Book of the Dead Rings f - an uncursed +3 ring of increase damage (on left hand) D - a blessed ring of free action (on right hand) Wands u - a cursed wand of striking (0:6) w - a wand of death (0:7) y - a wand of teleportation (0:2) O - a wand of death (0:3) W - a blessed wand of cancellation named <== YES! CANCELLATION! (0:5) Tools a - an uncursed magic whistle c - an uncursed stethoscope d - a blessed +5 unicorn horn g - the blessed fireproof Platinum Yendorian Express Card h - an uncursed brass lantern (7:231) n - an uncursed towel F - a blessed bag of holding H - the Bell of Opening (0:2) L - an uncursed leather drum V - the uncursed Candelabrum of Invocation (7 candles attached) (0:191) Gems Y - a blessed luckstone Contents of the bag of holding: 80171 gold pieces the rustproof +0 Giantslayer the blessed rustproof +1 Sunsword 14 blessed +7 elven daggers a blessed +2 oilskin cloak 4 uncursed K-rations 6 uncursed apples 3 uncursed carrots 3 uncursed eucalyptus leaves 3 uncursed lembas wafers 2 uncursed melons 4 uncursed pancakes an uncursed pear an uncursed tripe ration 7 blessed scrolls of blank paper 2 cursed scrolls of blank paper a blessed scroll of genocide 2 uncursed scrolls of gold detection a blessed scroll of identify an uncursed scroll of taming 3 blessed scrolls of teleportation 3 uncursed scrolls of teleportation an uncursed potion of booze an uncursed potion of gain energy 2 uncursed potions of healing 22 potions of holy water 4 potions of unholy water 3 uncursed potions of water an uncursed ring of conflict a blessed rustproof ring of levitation an uncursed ring of polymorph control an uncursed ring of protection from shape changers an uncursed ring of slow digestion a rusty wand of cold (0:8) a wand of cold (0:6) a rusty wand of cold (0:5) a blessed wand of cold (0:4) a blessed wand of death (1:0) a wand of death (1:0) a wand of enlightenment (1:4) a wand of fire (0:7) a wand of fire (0:5) a wand of fire (0:5) a wand of fire (0:4) a wand of lightning (0:7) a wand of lightning (0:5) a wand of lightning (0:5) a wand of lightning (0:4) a rusty wand of lightning (0:3) a wand of locking (0:8) a wand of magic missile (0:8) a wand of magic missile (0:7) a wand of magic missile (0:6) a wand of magic missile (0:4) a wand of make invisible (0:6) a wand of polymorph (0:1) a blessed wand of probing (0:6) a wand of secret door detection (1:6) a wand of sleep (0:8) a wand of sleep (0:8) a wand of sleep (0:7) a rusty wand of sleep (0:6) a wand of sleep (0:5) a wand of striking (0:6) a wand of striking (0:5) a wand of teleportation (1:12) a wand of teleportation (0:8) a wand of teleportation (0:7) a wand of undead turning (0:4) a wand of wishing (1:2) a magic marker (0:4) 6 uncursed agate stones 6 uncursed amethyst stones an uncursed aquamarine stone 4 uncursed black opals 2 uncursed citrine stones 2 uncursed diamonds 8 uncursed emeralds 3 uncursed fluorite stones an uncursed garnet stone 5 uncursed jacinth stones an uncursed jade stone 2 uncursed jasper stones 2 uncursed jet stones 4 uncursed obsidian stones 3 uncursed opals 6 uncursed rubies 8 uncursed topaz stones Spells and supernatural/magical abilities: Name Level Category Fail Memory a - force bolt 1 attack 0% 12% e - charm monster 3 enchantment 0% 81% f - fireball 4 attack 11% 64% h - healing 1 healing 0% 65% i - invisibility 4 escape 11% 58% j - jumping 1 escape 0% 63% k - knock 1 matter 0% 76% l - light 1 divination 0% 63% m - magic missile 2 attack 0% 63% n - detect monsters 1 divination 0% 12% o - cone of cold 4 attack 11% 63% p - protection 1 clerical 0% 63% s - slow monster 2 enchantment 0% 63% t - teleport away 6 escape 77% 65% u - confuse monster 2 enchantment 0% 63% w - wizard lock 2 matter 0% 12% x - extra healing 3 healing 0% 65% z - sleep 1 enchantment 0% 80% A - create familiar 6 clerical 77% 63% B - cure blindness 2* healing 0% 0% E - detect food 2 divination 0% 29% G - detect treasure 4 divination 11% 79% H - haste self 3 escape 0% 63% I - identify 3 divination 0% 59% K - cure sickness 3 healing 0% 63% L - levitation 4 escape 11% 64% M - magic mapping 5 divination 47% 63% O - create monster 2* clerical 0% 0% R - restore ability 4* healing 0% 0% S - stone to flesh 3 healing 0% 65% U - detect unseen 3* divination 0% 0% V - teleportitis -- ability ? -- W - pray for help -- divine ? -- Your skills at the end: Fighting Skills Weapon Skills dagger [Skilled] knife [Basic] quarterstaff [Expert] unicorn horn [Skilled] Spellcasting Skills healing spells [Skilled] Final Attributes: You were piously aligned. You were fire resistant. You were cold resistant. You were sleep resistant. You were disintegration-resistant. You were shock resistant. You were poison resistant. You were level-drain resistant. You were magic-protected. You saw invisible. You were telepathic. You were warned. You had infravision. You were invisible to others. You could teleport. You had teleport control. You had a +3 damage bonus. You regenerated. You were protected. You were very fast. You had reflection. You had free action. You were lucky. You had extra luck. Good luck did not time out for you. You survived. Vanquished creatures: Asmodeus Baalzebub Orcus Yeenoghu Juiblex The Wizard of Yendor (9 times) Death Pestilence (twice Famine a high priest 2 mastodons Medusa 16 krakens 2 iron golems The Cyclops 2 master liches a storm giant a titan 4 glass golems 4 balrogs 7 purple worms 2 gray dragons 4 red dragons 4 white dragons 2 orange dragons 5 black dragons 8 blue dragons 3 green dragons 2 yellow dragons 27 minotaurs 4 jabberwocks 7 baluchitheria 18 Angels 5 demiliches Vlad the Impaler 8 stone golems 2 master mind flayers 3 Olog-hai 3 Nazgul 6 pit fiends 4 sandestins 3 hell hounds 3 titanotheres a trapper a baby silver dragon 2 baby white dragons a baby orange dragon 2 baby yellow dragons a guardian naga a disenchanter 29 vampire lords 4 shades 5 skeletons a shopkeeper 34 aligned priests 6 captains 8 liches 11 nurses 11 ice devils 5 nalfeshnees 4 lurkers above 2 Aleaxes 4 frost giants 5 ettins 3 golden nagas 4 black puddings 31 vampires 42 ghosts 4 lieutenants a healer a knight a tourist 2 queen bees a winged gargoyle 3 mind flayers 14 giant mimics 8 zruties 3 fire giants 6 ogre kings 7 rock trolls an umber hulk a flesh golem 7 Elvenkings 8 doppelgangers 11 hezrous 7 bone devils 6 large mimics 2 wumpuses 5 fire vortices a baby purple worm 7 long worms a couatl 9 stalkers 3 air elementals 5 fire elementals 4 earth elementals 2 water elementals 9 hill giants 5 giant mummies a black naga 6 xorns 18 giant zombies 11 elf-lords 8 sergeants 3 barbed devils 15 vrocks 3 salamanders 4 wargs 2 winter wolves 2 hell hound pups 17 small mimics a warhorse 2 steam vortices 10 xans 6 ettin mummies 10 ogre lords 11 quantum mechanics 21 trolls 2 sasquatches a wood golem an erinys 5 mariliths a djinni 9 sharks 14 electric eels 7 gelatinous cubes 2 pyrolisks 4 freezing spheres 8 flaming spheres 6 shocking spheres 5 tigers 8 gargoyles 7 tengu 9 ochre jellies 9 leocrottas 3 energy vortices a mountain centaur 5 stone giants 5 elf mummies 6 human mummies 4 red nagas 5 green slimes 6 pit vipers 3 pythons 8 cobras 53 wraiths 4 carnivorous apes 18 ettin zombies 3 leather golems 5 Grey-elves 48 soldiers 3 horned devils 7 succubi 8 incubi 6 chameleons 3 crocodiles 9 giant beetles 5 quivering blobs 46 cockatrices 13 wolves 3 lynxes 4 panthers 37 gremlins 3 spotted jellies 21 leprechauns 4 orc-captains an iron piercer a mumak 7 giant spiders 9 scorpions 2 horses 8 black lights 10 vampire bats 4 forest centaurs 2 orc mummies 6 dwarf mummies 10 brown puddings 6 rust monsters 8 owlbears 7 yetis 2 gold golems 2 werewolves 8 Green-elves 6 piranhas 26 giant eels 12 lizards 7 attendants 4 chickatrices a dog a dingo 3 housecats 3 jaguars 3 blue jellies 3 white unicorns 2 black unicorns 2 dust vortices 4 ravens 4 plains centaurs a gnome mummy 13 snakes 8 apes 17 human zombies 3 rope golems 18 Woodland-elves 17 soldier ants 10 fire ants 12 bugbears 3 lemures 8 quasits 6 wood nymphs 6 water nymphs 5 mountain nymphs 6 Mordor orcs 10 Uruk-hai an orc shaman 8 rock piercers 4 rock moles 2 ponies 10 fog clouds 8 yellow lights 3 shriekers 6 violet fungi 2 gnome lords 6 kobold mummies a guardian naga hatchling 5 gray oozes 4 barrow wights 17 elf zombies 11 ghouls a straw golem 6 paper golems 7 jellyfish a baby crocodile 17 giant ants 5 little dogs 10 floating eyes 2 kittens 4 dwarves 4 homunculi 5 kobold lords 4 kobold shamans 25 hill orcs 26 rothes 21 rabid rats 6 centipedes 4 giant bats a monkey 19 orc zombies 12 dwarf zombies a wererat 4 werejackals 16 iguanas 27 killer bees 9 acid blobs 2 coyotes 4 gas spores 15 hobbits a large kobold 15 hobgoblins 47 giant rats 9 cave spiders 6 brown molds 6 yellow molds 4 green molds 6 red molds 6 gnomes 41 garter snakes 13 gnome zombies 14 geckos 32 jackals 9 foxes 11 kobolds 10 goblins 5 sewer rats 13 grid bugs 5 bats 19 lichens 13 kobold zombies 19 newts 2112 creatures vanquished. Genocided species: liches demiliches master liches arch-liches jellyfish piranhas sharks giant eels electric eels krakens 10 species genocided. Voluntary challenges: You used a wielded weapon 5053 times, starting on turn 55. You read items or engraved 507 times, starting on turn 383. You genocided 10 types of monsters, starting on turn 46710. You polymorphed 946 items, starting on turn 35280. You changed form 1 time, starting on turn 13249. You used 3 wishes, starting on turn 36008. You wished for your your first artifact on turn 36008. You split 2 puddings, starting on turn 12362. You wrote Elbereth's name 20 times, starting on turn 387. You violated your moral code, losing 297 points of alignment, starting on turn 4073. Dungeon overview: The Dungeons of Doom: levels 1 to 26 Level 1 stairs to The Elemental Planes Level 2 (v/stash <) an armor shop, some fountains stairs to The Gnomish Mines Level 3 a potion shop Level 4 an altar to Hermes Level 5 some fountains Level 6 (v) an armor shop, a fountain stairs to Sokoban Level 7 a sink Level 8 Level 9 (v) a fountain Level 10 (v) Level 11 (v) a general store, some fountains portal to The Quest Level 12 (v) Level 13 (v) a delicatessen, some fountains Level 14 a fountain Level 15 Level 16 an altar to Hermes Level 17 a fountain Level 18 Level 19 Level 20 some fountains Level 21 (v/stash <) an altar to Hermes Level 22 some fountains, a sink Level 23 (v) Level 24 Level 25 Level 26 Gehennom: levels 27 to 49 Level 27 a temple to Moloch stairs to The Dungeons of Doom Level 28 Level 29 Level 30 a fountain Level 31 Level 32 Level 33 (asmo) Level 34 Level 35 Level 36 Level 37 some shops, an altar to Moloch Level 38 stairs to Vlad's Tower Level 39 Level 40 Level 41 portal to Gehennom Level 42 Level 43 Level 44 portal to Gehennom Level 45 Level 46 Level 47 Level 48 Level 49 The Gnomish Mines: levels 3 to 11 Level 3 stairs to The Dungeons of Doom Level 4 Level 5 many shops, a temple to Poseidon, some fountains Level 6 Level 7 Level 8 Level 9 Level 10 Level 11 The Quest: levels 1 to 6 Level 1 an altar to Hermes, a throne portal to The Dungeons of Doom Level 2 Level 3 a temple to Poseidon Level 4 Level 5 Level 6 Sokoban: levels 2 to 5 Level 2 Level 3 Level 4 Level 5 stairs to The Dungeons of Doom Vlad's Tower: levels 35 to 37 Level 35 Level 36 Level 37 stairs to Gehennom The Elemental Planes: Astral Plane <- You were here some high altars Plane 4 portal to The Elemental Planes Plane 3 portal to The Elemental Planes Plane 2 portal to The Elemental Planes Plane 1 portal to The Elemental Planes History has recorded: On T:1 you entered the Dungeons of Doom to retrieve the Amulet of Yendor! On T:250 you reached level 2 of The Dungeons of Doom. On T:569 you advanced to experience level 2. On T:685 you reached level 3 of The Dungeons of Doom. On T:690 you advanced to experience level 3. On T:754 you reached level 4 of The Dungeons of Doom. On T:2183 you reached level 1 of The Gnomish Mines. On T:2472 you advanced to experience level 4. On T:2526 you reached level 2 of The Gnomish Mines. On T:3027 you reached level 3 of The Gnomish Mines. On T:4317 you advanced to experience level 5. On T:4688 you reached level 4 of The Gnomish Mines. On T:6182 you reached level 5 of The Dungeons of Doom. On T:6441 you advanced to experience level 6. On T:6523 you reached level 6 of The Dungeons of Doom. On T:6554 you reached level 7 of The Dungeons of Doom. On T:6662 you reached level 4 of Sokoban. On T:7122 you reached level 3 of Sokoban. On T:7875 you reached level 2 of Sokoban. On T:8307 you reached level 1 of Sokoban. On T:9501 you advanced to experience level 7. On T:10985 you reached level 8 of The Dungeons of Doom. On T:10999 you reached level 10 of The Dungeons of Doom. On T:11147 you reached level 9 of The Dungeons of Doom. On T:11798 you reached level 11 of The Dungeons of Doom. On T:12036 you reached level 1 of The Quest. On T:12070 you reached level 12 of The Dungeons of Doom. On T:12326 you advanced to experience level 8. On T:13242 you reached level 13 of The Dungeons of Doom. On T:16994 you reached level 14 of The Dungeons of Doom. On T:17502 you advanced to experience level 9. On T:19400 you reached level 5 of The Gnomish Mines. On T:19603 you reached level 7 of The Gnomish Mines. On T:19765 you reached level 6 of The Gnomish Mines. On T:20564 you reached level 8 of The Gnomish Mines. On T:20691 you reached level 9 of The Gnomish Mines. On T:23010 you advanced to experience level 10. On T:23587 you reached level 15 of The Dungeons of Doom. On T:23968 you reached level 16 of The Dungeons of Doom. On T:24597 you reached level 17 of The Dungeons of Doom. On T:24742 you reached level 18 of The Dungeons of Doom. On T:25239 you reached level 19 of The Dungeons of Doom. On T:25667 you advanced to experience level 11. On T:26705 you reached level 20 of The Dungeons of Doom. On T:26745 you reached level 21 of The Dungeons of Doom. On T:27361 you received Giantslayer from Hermes. On T:28550 you reached level 22 of The Dungeons of Doom. On T:29448 you reached level 23 of The Dungeons of Doom. On T:29894 you advanced to experience level 12. On T:29926 you reached level 24 of The Dungeons of Doom. On T:30575 you killed Medusa on level 24 of The Dungeons of Doom. On T:30585 you reached level 25 of The Dungeons of Doom. On T:32295 you advanced to experience level 13. On T:33377 you reached The Valley of the Dead. On T:34095 you advanced to experience level 14. On T:34601 you killed Yeenoghu in The Valley of the Dead. On T:35432 you reached level 2 of Gehennom. On T:36008 you wished for "blessed greased fireproof platinum yendorian express card". On T:36698 you embarked upon an epic quest. On T:36826 you reached level 2 of The Quest. On T:36913 you reached level 3 of The Quest. On T:37073 you reached level 4 of The Quest. On T:37280 you reached level 5 of The Quest. On T:37319 you reached level 6 of The Quest. On T:37341 you killed Cyclops on level 6 of The Quest. On T:37677 you completed the quest! On T:38750 you reached level 3 of Gehennom. On T:38856 you reached level 4 of Gehennom. On T:39067 you killed Juiblex on level 4 of Gehennom. On T:39561 you reached level 5 of Gehennom. On T:39596 you reached level 6 of Gehennom. On T:39830 you reached level 7 of Gehennom. On T:39948 you advanced to experience level 15. On T:40101 you reached level 8 of Gehennom. On T:40788 you reached level 9 of Gehennom. On T:40902 you reached level 10 of Gehennom. On T:41389 you reached level 11 of Gehennom. On T:42373 you reached level 12 of Gehennom. On T:42380 you killed Orcus on level 12 of Gehennom. On T:42407 you reached level 13 of Gehennom. On T:42826 you reached level 3 of Vlad's Tower. On T:42958 you reached level 2 of Vlad's Tower. On T:43085 you reached level 1 of Vlad's Tower. On T:43151 you killed Vlad the Impaler on level 1 of Vlad's Tower. On T:44624 you reached level 22 of Gehennom. On T:45355 you advanced to experience level 16. On T:45445 you reached level 21 of Gehennom. On T:45886 you advanced to experience level 17. On T:45944 you reached level 20 of Gehennom. On T:46135 you reached level 19 of Gehennom. On T:46138 you reached level 16 of Gehennom. On T:46148 you reached level 17 of Gehennom. On T:46153 you reached level 18 of Gehennom. On T:46402 you reached level 15 of Gehennom. On T:46629 you reached level 14 of Gehennom. On T:46709 you wished for "3 blessed scrolls of genocide". On T:47601 you killed Wizard of Yendor on level 13 of Gehennom. On T:47680 you killed Wizard of Yendor on level 7 of Gehennom. On T:47708 you performed the invocation. On T:47710 you reached level 23 of Gehennom. On T:47934 you advanced to experience level 18. On T:48220 you killed high priestess of Moloch on level 23 of Gehennom. On T:48223 you gained the Amulet of Yendor! On T:48331 you killed Wizard of Yendor on level 21 of Gehennom. On T:48335 you lost the Amulet of Yendor. On T:48337 you killed Wizard of Yendor on level 21 of Gehennom. On T:48338 you gained the Amulet of Yendor! On T:48372 you killed Asmodeus on level 21 of Gehennom. On T:48819 you lost the Amulet of Yendor. On T:48820 you gained the Amulet of Yendor! On T:48984 you killed Baalzebub on level 8 of Gehennom. On T:49470 you lost the Amulet of Yendor. On T:49487 you killed Wizard of Yendor on level 7 of Gehennom. On T:49497 you killed Wizard of Yendor on level 7 of Gehennom. On T:49512 you gained the Amulet of Yendor! On T:50200 you wished for "blessed fireproof ring of levitation". On T:50570 you lost the Amulet of Yendor. On T:50572 you killed Wizard of Yendor on level 17 of The Dungeons of Doom. On T:50572 you killed Wizard of Yendor on level 17 of The Dungeons of Doom. On T:50574 you gained the Amulet of Yendor! On T:50937 you lost the Amulet of Yendor. On T:50938 you gained the Amulet of Yendor! On T:51082 you reached the Plane of Earth. On T:51086 you killed Wizard of Yendor on the Plane of Earth. On T:51164 you advanced to experience level 19. On T:51204 you reached the Plane of Air. On T:51265 you reached the Plane of Fire. On T:51315 you reached the Plane of Water. On T:51357 you reached the Astral Plane. On T:51386 you killed Pestilence on the Astral Plane. On T:51432 you killed Famine on the Astral Plane. On T:51437 you killed Pestilence on the Astral Plane. On T:51441 you killed Death on the Astral Plane. On T:51482 you lost the Amulet of Yendor. On T:51482 you offered the Amulet of Yendor to Hermes and ascended to the status of Demigoddess! Score breakdown: Gold: 79097 (16661 points) Experience: 19 levels (23635 points) Exploration: 49 levels (100.00%) (30000 points) Discoveries: 159 items ( 54.45%) (22137 points) Valuables value: 100000 (17008 points) Artifact value: 32000 (15325 points) Variety of kills: 279 monsters ( 73.23%) (25672 points) Turncount: 51482 turns (-4799 points) Survival: ascended (score multiplied by 200%) Total score: 291278 Latest messages: "Thou hadst best fight better than thou canst dress!" The high priest intones: "Pilgrim, you enter a sacred place!" There is a broken door here. There are a few objects here. You hear some noises in the distance. "Burrrrp!" There is an altar to Hermes (neutral) here. You produce a strange whistling sound. The priest of Moloch drinks a potion of speed! The priest of Moloch is suddenly moving faster. You produce a strange whistling sound. You offer the Amulet of Yendor to Hermes... An invisible choir sings, and you are bathed in radiance... The voice of Hermes booms: "Congratulations, mortal!" "In return for thy service, I grant thee the gift of Immortality!" You ascend to the status of Demigoddess... Final status: Goodbye Tangles the Demigoddess, ascended... You and raisse and the purple worm and the purple worm and the purple worm and the purple worm and the purple worm and the purple worm went to your reward with 291278 points, The Platinum Yendorian Express Card (worth 7000 zorkmids) Giantslayer (worth 200 zorkmids) Sunsword (worth 1500 zorkmids) The Staff of Aesculapius (worth 5000 zorkmids) The Bell of Opening (worth 5000 zorkmids) The Book of the Dead (worth 10000 zorkmids) The Candelabrum of Invocation (worth 5000 zorkmids) 8 emeralds (worth 20000 zorkmids), 8 topaz stones (worth 7200 zorkmids), 6 rubies (worth 21000 zorkmids), 6 amethyst stones (worth 3600 zorkmids), 6 agate stones (worth 1200 zorkmids), 5 jacinth stones (worth 16250 zorkmids), 4 black opals (worth 10000 zorkmids), 4 obsidian stones (worth 800 zorkmids), 3 opals (worth 2400 zorkmids), 3 fluorite stones (worth 1200 zorkmids), 2 diamonds (worth 8000 zorkmids), 2 citrine stones (worth 3000 zorkmids), 2 jet stones (worth 1700 zorkmids), 2 jasper stones (worth 1000 zorkmids), 1 aquamarine stone (worth 1500 zorkmids), 1 garnet stone (worth 700 zorkmids), 1 jade stone (worth 300 zorkmids), 1 amulet of reflection (worth 150 zorkmids), and 80171 pieces of gold, after 51482 moves. You were level 19 with a maximum of 315 hit points when you ascended.